 Dungeon Crawl Stone Soup version 0.27.0-1-g7a089689b8 (webtiles) character file.

Game seed: 11972105766055110481

101 hawla the Grave Robber (level 4, -12/25 HPs)
             Began as a Deep Elf Necromancer on Aug 5, 2021.
             Mangled by a polar bear (28 damage)
             ... created by the rage of Trog
             ... on level 2 of the Dungeon.
             The game lasted 00:06:40 (3248 turns).

hawla the Grave Robber (Deep Elf Necromancer)       Turns: 3248, Time: 00:06:40

Health: -12/25     AC:  2    Str:  4 (5)  XL:     4   Next: 48%
Magic:  10/10      EV: 13    Int: 21      God:
Gold:   56         SH:  0    Dex: 15      Spells: 1/9 levels left

rFire    + . .     SeeInvis .   c - staff of fire
rCold    . . .     Faith    .   (no shield)
rNeg     . . .     Spirit   .   a - +0 robe
rPois    .         Reflect  .   (no helmet)
rElec    .         Harm     .   (no cloak)
rCorr    .         Rampage  .   (no gloves)
Will     .....                  (no boots)
Stlth    ++........             (no amulet)
HPRegen  0.08/turn              (no ring)
MPRegen  0.12/turn              (no ring)

@: about to teleport
A: no striking features
a: no special abilities


You were on level 2 of the Dungeon.
You visited 1 branch of the dungeon, and saw 2 of its levels.

You collected 56 gold pieces.

Inventory:

Armour
 a - a +0 robe (worn)
Magical Staves
 c - a staff of fire (weapon)
Scrolls
 d - a scroll of vulnerability {unknown}
 e - 4 scrolls of enchant weapon {unknown}
 g - a scroll of identify {unknown}
Potions
 f - a potion of invisibility {unknown}


   Skills:
 - Level 1.0 Fighting
 + Level 2.6 Staves
 - Level 3.0 Dodging
 - Level 3.0 Stealth
 - Level 3.0 Spellcasting
 - Level 5.1 Necromancy
 - Level 0.6 Fire Magic
 - Level 1.0 Evocations


You had one spell level left.
You knew the following spells:

 Your Spells              Type           Power      Damage    Failure   Level
a - Pain                  Necr           96%        1d8       1%          1
b - Vampiric Draining     Necr           12%        2d7       4%          3
c - Animate Dead          Necr           12%        N/A       16%         4

Your spell library contained the following spells:

 Spells                   Type           Power      Damage    Failure   Level
 Animate Skeleton         Necr           48%        N/A       1%          1
 Agony                    Necr           24%        N/A       41%         5


Dungeon Overview and Level Annotations

Branches:
Dungeon (2/15)

Altars:
Trog

Annotations:
D:2 dig for treasure


Message History

You hit the endoplasm.
You kill the endoplasm!
No target in view!
Trog's voice booms out, "Feel my wrath!"
You feel weakened.
HP restored.
Found a stone staircase leading down.
Things that are here:
a +0 club; a goblin corpse
Things that are here:
a +0 club; a goblin corpse
There is an escape hatch in the floor here.
Done exploring.
Done exploring.
Done exploring.
Done exploring.
Done exploring.
Search for what [Enter for "rmo", or ? for help]? tif Can't find anything matching that.
Search for what [Enter for "tif", or ? for help]? taf Search for what [Enter for "taf", or ? for help]? rmo
(D) Dungeon
Where to? (Enter - D:2, ? - help)
What level of the Dungeon? (default 1, ? - help) You're already here!
(D) Dungeon
Where to? (Enter - D:2, ? - help)
What level of the Dungeon? (default 1, ? - help) Trog sends monsters to punish you. 2 polar bears and 3 black bears come into view.
Unknown command.
As you read the scroll of teleportation, it crumbles to dust.
You feel strangely unstable. The black bear bites you.
The black bear claws you but does no damage.
The black bear claws you. The polar bear closely misses you.
The polar bear misses you. The polar bear claws you. The polar bear bites you!!
Ouch! That really hurt!
You die...

#.......#
#.......##
#.......#
#.>......#
##.....##
#.........
#.......#
#.......##
#.......#
######....
#.......# #....
##....hh# #....
##..hhh# #...)
#####@# #....
#.# #.... #.#
#.... #.# #....
#.# #.... #.#
##.... #.#
#.....
#####.#######
#.###.
##...........##
#.##..


You could see 2 polar bears and 3 black bears.

Vanquished Creatures
  3 adders (D:2)
  A worm (D:2)
  A dart slug (D:1)
  5 orcs (D:2)
  A ball python (D:2)
  7 endoplasms
  A giant cockroach (D:1)
  8 goblins
  6 hobgoblins
  8 jackals (D:1)
  2 quokkas (D:1)
  5 bats
  2 frilled lizards
  4 kobolds
  4 rats
58 creatures vanquished.

Notes
Turn   | Place    | Note
-------+----------+-------------------------------------------
     0 | D:1      | hawla the Deep Elf Necromancer began the quest for the Orb.
     0 | D:1      | Reached XP level 1. HP: 10/10 MP: 6/6
   283 | D:1      | Reached skill level 5 in Necromancy
   283 | D:1      | Reached XP level 2. HP: 2/16 MP: 2/8
   875 | D:1      | Reached skill level 1 in Fighting
  1107 | D:1      | Reached XP level 3. HP: 13/20 MP: 2/9
  1111 | D:1      | Learned a level 3 spell: Vampiric Draining
  2061 | D:2      | Found a faded altar of an unknown god.
  2062 | D:2      | Noticed a golden eye
  2064 | D:2      | Noticed a shining eye
  2064 | D:2      | Noticed a floating eye
  2064 | D:2      | Noticed a golden eye
  2070 | D:2      | Became a worshipper of Trog the Wrathful
  2070 | D:2      | Reached * piety under Trog
  2071 | D:2      | Fell from the grace of Trog
  2161 | D:2      | Reached skill level 1 in Evocations
  2167 | D:2      | Reached skill level 1 in Staves
  2409 | D:2      | Reached XP level 4. HP: 9/25 MP: 7/10
  2414 | D:2      | Learned a level 4 spell: Animate Dead
  3246 | D:2      | Noticed a polar bear
  3246 | D:2      | Noticed a black bear
  3246 | D:2      | Noticed a black bear
  3246 | D:2      | Noticed a polar bear
  3246 | D:2      | Noticed a black bear
  3248 | D:2      | Mangled by a polar bear

Illustrated notes

Levels and vault maps discovered:
D:1:      dpeg_arrival_houses_and_road, layout_loops_cross, minmay_pentomino_p2
D:2:      layout_rooms, hellmonk_ecumenical_altar_watching_god,
          due_unseen_surprise

Skill      XL: |  1  2  3  4 |
---------------+-------------+-----
Necromancy     | 5 |  5.1
Stealth        | 3 |  3.0
Dodging        | 3 |  3.0
Fighting       | 1 |  1.0
Evocations     | 1 |  1.0
Staves         | 1 2 |  2.6
Spellcasting   | |  3.0
Fire Magic     | |  0.6

Action                   |  1- 3 |  4- 6 || total
-------------------------+-------+-------++-------
Melee: Unarmed           |     1 |       ||     1
       Staff             |     4 |     8 ||    12
 Cast: Pain              |    77 |    21 ||    98
       Vampiric Draining |     1 |     1 ||     2
       Animate Dead      |       |     1 ||     1
Invok: Renounce Religion |     1 |       ||     1
  Use: Scroll            |     1 |     1 ||     2
Armor: Robe              |     3 |     1 ||     4
Dodge: Dodged            |    16 |    10 ||    26
